AoeStats
← DoYouThinkThatsWise

Arabian Desert

510378663Analyzed
1v1 RM · 19h ago on Sep 30, 2026· 56m 15s· 2 players
Game mode
Random Map
Map size
Tiny (2 player)
Population
200
Speed
Normal
Resources
Standard
Victory
Conquest
Starting age
Dark Age
Ending age
Imperial Age
RankedLock teamsTeams togetherTeam positionsShared explorationLock speedFull tech treeHidden civsTurbo modeCheats
Victory
Defeat
🇧🇷 Goths · Brazil
1248
+18
🇬🇧 Mongols · United Kingdom
1295
-18
DoYouThinkThatsWise
7:03 Loom
9:44 Feudal Age
17:42 Scale Barding Armor
23:42 Castle Age
22:11 Double-Bit Axe
24:14 Scale Mail Armor
24:27 Forging
25:20 Bow Saw
24:35 Pikeman
25:54 Horse Collar
28:22 Chain Barding Armor
28:36 Bloodlines
29:39 Husbandry
30:50 Squires
30:37 Arson
33:24 Chain Mail Armor
34:56 Iron Casting
35:24 Elite Skirmisher
40:39 Padded Archer Armor
40:29 Fletching
46:24 Imperial Age
45:52 Wheelbarrow
45:56 Fletching
46:23 Leather Archer Armor
46:54 Bodkin Arrow
47:40 Ballistics
48:30 Chemistry
48:15 Conscription
48:44 Bracer
53:22 Thumb Ring
53:55 Elite Mangudai
55:15 Parthian Tactics
Acey
7:03 Loom
9:40 Feudal Age
15:54 Forging
20:42 Castle Age
19:10 Horse Collar
19:21 Gold Mining
19:57 Scale Barding Armor
21:56 Wheelbarrow
21:47 Chain Barding Armor
24:57 Fletching
25:29 Crossbowman
26:37 Husbandry
26:34 Bodkin Arrow
30:11 Ballistics
35:11 Bloodlines
41:10 Imperial Age
39:28 Heavy Plow
39:15 Double-Bit Axe
41:31 Iron Casting
41:16 Cavalier
41:57 Bracer
43:26 Padded Archer Armor
44:26 Blast Furnace
44:16 Town Watch
45:03 Conscription
46:08 Chemistry
45:28 Town Patrol
45:46 Hand Cart
47:33 Crop Rotation
46:36 Elite Skirmisher
48:45 Town Patrol
50:28 Anarchy
50:34 Scale Mail Armor
51:16 Squires
51:38 Light Cavalry
54:01 Chain Mail Armor
54:17 Leather Archer Armor
54:15 Masonry
54:10 Siphons
53:30 Elite Huskarl
54:13 Perfusion
Connection lost

Rejoining the realm…

Still unreachable

The connection could not be restored.

Session expired

The server has moved on; the page needs a fresh start.